 Dungeon Crawl Stone Soup version 0.23-a0-319-gb40ba49 (webtiles) character file.

59 Amnesiac the Sneak (level 3, 15/15 HPs)
             Began as a Felid Earth Elementalist on Oct 15, 2018.
             Was an Initiate of Vehumet.
             Quit the game on level 2 of the Dungeon.
             The game lasted 00:08:49 (1179 turns).

Amnesiac the Sneak (Felid Earth Elementalist)       Turns: 1179, Time: 00:08:51

Health: 15/15      AC:  1    Str:  4    XL:     3   Next: 78%
Magic:  7/7        EV: 18    Int: 17    God:    Vehumet [......]
Gold:   47         SH:  0    Dex: 16    Spells: 0/6 levels left
                                        Lives:  0   Deaths: 1

rFire    . . .     SeeInvis +     - Unarmed
rCold    . . .     Gourm    .   (shield unavailable)
rNeg     . . .     Faith    .   (armour unavailable)
rPois    .         Spirit   .   (helmet unavailable)
rElec    .         Reflect  .   (cloak unavailable)
rCorr    .         Harm     .   (gloves unavailable)
MR       .....                  (boots unavailable)
Stlth    +++.......             (no amulet)
HPRegen  0.05/turn              (no ring)
MPRegen  0.10/turn              (no ring)

@: quick
A: very small, no armour, no weapons or thrown items, stealth, claws 1, fangs 3,
see invisible, carnivore, speed 1, shaggy fur 1, slow metabolism 1, sharp paws
a: Renounce Religion


You were on level 2 of the Dungeon.
You worshipped Vehumet.
Vehumet was noncommittal.
You were not hungry.

You visited 1 branch of the dungeon, and saw 3 of its levels.

You collected 47 gold pieces.

Inventory:

Missiles
 b - 50 stones
Scrolls
 e - a scroll of magic mapping {!r}
 g - a scroll of blinking {!r}
 i - a scroll of fog {!r, unknown}
Potions
 a - a potion of curing {!q}
 f - a potion of degeneration {!q, unknown}
 h - a potion of haste {!q, unknown}
Comestibles
 c - a ration
 d - 9 chunks of flesh


   Skills:
 - Level 1.0 Fighting
 - Level 3.0 Dodging
 - Level 3.0 Stealth
 - Level 3.0 Unarmed Combat
 - Level 2.0 Spellcasting
 + Level 2.5 Transmutations
 - Level 3.0 Earth Magic


You couldn't memorise any spells.
You knew the following spells:

 Your Spells              Type           Power        Failure   Level  Hunger
a - Sandblast             Erth           ##....       5%          1    #......
b - Passwall              Tmut/Erth      ##......     10%         2    ###....
e - Petrify               Tmut/Erth      ##......     52%         4    #####..

Your spell library contained the following spells:

 Spells                   Type           Power        Failure   Level  Hunger
 Stone Arrow              Conj/Erth      #.....       30%         3    ###....
 Lee's Rapid Deconstruct  Erth           ##........   83%         5    ######.


Dungeon Overview and Level Annotations

Branches:
Dungeon (3/15)

Altars:
Hepliaklqana
Ru
Trog
Vehumet
Wu Jian


Innate Abilities, Weirdness & Mutations

You cannot wear armour.
You are incapable of wielding weapons or throwing items.
Your paws allow you to move quietly. (Stealth)
You have sharp claws.
You have razor-sharp teeth.
You have supernaturally acute eyesight. (SInv)
You are carnivorous and can eat meat at any time.
You cover ground quickly.
You are covered in fur. (AC +1)
You have a slow metabolism.
Your sharp claws are effective at attacking unaware monsters.


Message History

Casting: Sandblast (safe; 5% risk of failure)
Confirm with . or Enter, or press ? or * to list all spells.
You don't have enough magic to cast that spell.
Casting: Sandblast (safe; 5% risk of failure)
Confirm with . or Enter, or press ? or * to list all spells.
You don't have enough magic to cast that spell.
Casting: Sandblast (safe; 5% risk of failure)
Confirm with . or Enter, or press ? or * to list all spells.
You don't have enough magic to cast that spell.
Casting: Sandblast (safe; 5% risk of failure)
Confirm with . or Enter, or press ? or * to list all spells.
You don't have enough magic to cast that spell.
Casting: Sandblast (safe; 5% risk of failure)
Confirm with . or Enter, or press ? or * to list all spells.
You don't have enough magic to cast that spell.
Casting: Sandblast (safe; 5% risk of failure)
Confirm with . or Enter, or press ? or * to list all spells.
You don't have enough magic to cast that spell.
Casting: Sandblast (safe; 5% risk of failure)
Confirm with . or Enter, or press ? or * to list all spells.
You don't have enough magic to cast that spell.
Casting: Sandblast (safe; 5% risk of failure)
Confirm with . or Enter, or press ? or * to list all spells.
You don't have enough magic to cast that spell.
You scratch the rat but do no damage. The rat closely misses you.
You scratch the rat but do no damage. The rat bites you.
The rat twitches its whiskers.
The rat misses you.
Some of the chunks of flesh in your inventory have rotted away.
You barely miss the rat. The rat misses you. The rat completely misses you.
You scratch the rat but do no damage. The rat bites you. The rat misses you.
You scratch the rat but do no damage. The rat misses you.
The rat bites you but does no damage.
You closely miss the rat. The rat barely misses you.
The rat closely misses you.
You barely miss the rat. The rat completely misses you. The rat misses you.
You closely miss the rat. The rat closely misses you. The rat bites you.
* * * LOW HITPOINT WARNING * * *
You scratch the rat.
You kill the rat!
Vehumet accepts your kill. The rat bites you.
* * * LOW HITPOINT WARNING * * *
You scratch the worm. You bite the worm.
The worm is heavily wounded.
The rat closely misses you.
You barely miss the worm.
The worm is heavily wounded.
The worm barely misses you.
You scratch the rat.
The rat is heavily wounded.
The rat barely misses you.
You barely miss the rat.
The rat is heavily wounded.
The rat closely misses you. The worm bites you.
* * * LOW HITPOINT WARNING * * *
You closely miss the rat.
The rat is heavily wounded.
The rat misses you. The worm bites you.
You die...
You are now level 3!
You rejoin the land of the living...
Found a stone staircase leading down.
Are you sure you want to abandon this character and quit the game? (Confirm

.........#
.........#
..
.........#
#.#
........##
..
######..#
#.# # ..#
.. # .# #.
.# #.## #
#.@# ##.#
... ###..
..# ..#
#># ##


There were no monsters in sight!

Vanquished Creatures
  3 adders
  4 gnolls (D:2)
  3 worms
  2 dart slugs
  2 leopard geckos (D:3)
  An orc (D:3)
  6 bats
  A giant cockroach (D:1)
  5 goblins
  6 hobgoblins
  4 frilled lizards
  4 kobolds
  5 rats
46 creatures vanquished.

Notes
Turn   | Place    | Note
-------+----------+-------------------------------------------
     0 | D:1      | Amnesiac the Felid Earth Elementalist began the quest for
                  | the Orb.
     0 | D:1      | Reached XP level 1. HP: 7/7 MP: 4/4
   177 | D:1      | Reached skill level 1 in Unarmed Combat
   248 | D:1      | Reached XP level 2. HP: 11/11 MP: 6/6
   258 | D:1      | Learned a level 2 spell: Passwall
   592 | D:2      | Found a sacrificial altar of Ru.
   613 | D:2      | Found a bloodstained altar of Trog.
   615 | D:2      | Reached XP level 3. HP: 9/14 MP: 4/7
   633 | D:2      | Found a hazy altar of Hepliaklqana.
   660 | D:2      | Found an ornate altar of the Wu Jian Council.
   699 | D:2      | Reached XP level 4. HP: 12/18 MP: 0/8
   741 | D:2      | Learned a level 4 spell: Petrify
   917 | D:3      | Reached skill level 1 in Fighting
   934 | D:3      | Found a radiant altar of Vehumet.
  1026 | D:3      | Became a worshipper of Vehumet
  1178 | D:2      | Slain by a worm
  1179 | D:2      | Reached XP level 3. HP: 0/15 MP: 2/7
  1179 | D:2      | Quit the game

Vault maps used:
D:1:      dpeg_arrival_prison
D:2:      minmay_wonky_spiral, marbit_many_paths,
          nicolae_overflow_quartered_altars,
          chequers_ecumenical_altar_simple_redux
D:3:      nicolae_ashenzari_panopticon, vehumet_crystals, minmay_hedge_maze

Skill      XL: |  1  2  3  4 |
---------------+-------------+-----
Stealth        | 3 |  3.0
Unarmed Combat | 1 2 3 |  3.0
Earth Magic    | 3 |  3.0
Dodging        | 3 |  3.0
Fighting       | 1 |  1.0
Transmutations | 2 |  2.5
Spellcasting   | |  2.0

Action                   |  1- 3 |  4- 6 || total
-------------------------+-------+-------++-------
Melee: Unarmed           |    37 |    25 ||    62
       Bite              |     3 |     1 ||     4
 Cast: Sandblast         |    13 |    29 ||    42
       Passwall          |     2 |     2 ||     4
  Use: Scroll            |     2 |     3 ||     5
 Stab: Sleeping          |     8 |     4 ||    12
  Eat: Chunk             |     7 |     2 ||     9
Armor: Skin              |     4 |     4 ||     8
Dodge: Dodged            |    32 |    34 ||    66

Table legend:
 A = Non-vault XP
 B = Vault XP
 C = Vault XP percentage of total XP
 D = Non-vault monster count
 E = Vault monster count
 F = Vault count percentage of total count
                 A         B        C        D         E       F
            +---------+---------+-------+---------+---------+-------
      Total |     172 |       3 |   1.7 |      44 |       2 |   4.3
            +---------+---------+-------+---------+---------+-------
        D:1 |      24 |       3 |  11.1 |      14 |       2 |  12.5
        D:2 |      90 |       0 |   0.0 |      15 |       0 |   0.0
        D:3 |      58 |       0 |   0.0 |      15 |       0 |   0.0
            +---------+---------+-------+---------+---------+-------
